AoeStats
← Fallout

Nomad

510625166Analyzed
4v4 RM · 2d ago on Oct 1, 2026· 24m 18s· 8 players
Game mode
Random Map
Map size
231×231
Population
200
Speed
Normal
Resources
Standard
Victory
Conquest
Starting age
Dark Age
Ending age
Imperial Age
RankedLock teamsTeams togetherTeam positionsShared explorationLock speedFull tech treeHidden civsTurbo modeCheats
Victory
Defeat
🇬🇧 Vietnamese · United Kingdom
1675
+9
🇺🇸 Spanish · United States
1605
+12
🇺🇸 Saxons · United States
1562
+14
🇺🇸 Berbers · United States
1459
+18
🇲🇽 Varangians · Mexico
1548
-15
🇦🇷 Huns · Argentina
1531
-14
🇦🇷 Franks · Argentina
1521
-13
🇦🇷 Koreans · Argentina
1444
-11
luch0_ta
8:02 Loom
14:15 Feudal Age
15:57 Double-Bit Axe
22:53 Wheelbarrow
24:58 Castle Age
22:48 Horse Collar
MR FACAndo
14:39 Feudal Age
15:14 Double-Bit Axe
21:17 Castle Age
20:44 Bloodlines
20:54 Bloodlines
22:21 Husbandry
Politox
6:01 Loom
13:40 Feudal Age
14:11 Double-Bit Axe
15:42 Scale Barding Armor
16:22 Forging
22:02 Wheelbarrow
25:14 Castle Age
kazumakine
4:30 Loom
13:24 Feudal Age
13:32 Man-at-Arms
14:01 Double-Bit Axe
14:51 Town Watch
16:36 Arson
20:23 Wheelbarrow
26:32 Castle Age
The Daunting Knight
3:36 Loom
14:10 Feudal Age
20:10 Castle Age
18:40 Double-Bit Axe
21:47 Bow Saw
Jaxto
4:25 Loom
13:04 Feudal Age
17:05 Castle Age
15:35 Double-Bit Axe
20:24 Fishing Lines
21:32 Padded Archer Armor
Thundernips, The Ultimate Gigolo
14:50 Feudal Age
17:31 Double-Bit Axe
18:22 Loom
20:40 Castle Age
20:27 Forging
21:05 Gold Mining
22:10 Wheelbarrow
22:26 Bow Saw
23:29 Squires
Fallout
4:40 Loom
15:13 Feudal Age
19:03 Castle Age
17:26 Double-Bit Axe
17:41 Fletching
20:01 Bodkin Arrow
22:07 Horse Collar
23:06 Padded Archer Armor
Connection lost

Rejoining the realm…

Still unreachable

The connection could not be restored.

Session expired

The server has moved on; the page needs a fresh start.